 Dungeon Crawl Stone Soup version 0.22-a0-609-gfedc9ff77b (webtiles) character file.

405406 Jannitor the Warrior (level 22, -3/188 (189) HPs)
             Began as a Demonspawn Enchanter on July 9, 2018.
             Was the Champion of Ru.
             Splashed by an acid blob's acid (4 damage)
             ... on level 4 of the Pits of Slime on July 10, 2018.
             The game lasted 04:46:13 (90670 turns).

Jannitor the Warrior (Demonspawn Enchanter)        Turns: 90670, Time: 04:46:13

HP:   -3/188 (189)  AC: 19    Str: 13    XL:     22   Next: 36%
MP:   0/41          EV: 16    Int: 21    God:    Ru [******]
Gold: 3681          SH:  7    Dex: 13    Spells: 1/45 levels left

rFire    + + .     SeeInvis +   n - +2 demon blade (freeze)
rCold    + . .     Gourm    .   v - +3 buckler {rF+}
rNeg     + . .     Faith    .   c - +6 ring mail of Ruilufec {rPois}
rPois    +         Spirit   +   (helmet unavailable)
rElec    +         Reflect  .   F - scarf {rC+ rF+}
rCorr    +         Harm     .   S - +0 pair of gloves "Duwah" {rCorr}
MR       ++...     Clarity  +   u - +2 pair of boots {Stlth+}
Stlth    ++++++++..             N - amulet of guardian spirit
HPRegen  0.41/turn              m - ring of protection from magic
MPRegen  0.27/turn              M - +3 ring of slaying

@: exhausted, resistant, darkness, no potions, very slightly contaminated,
heavily drained, invisible
A: antennae 3, claws 1, rugged brown scales 3, blurry vision 2, clarity, clumsy
2, demonic guardian 3, high mp 1, negative energy resistance 1, nightstalker 3,
strong 1, no potion heal 3, inability to drink while threatened, missing an eye,
temperature sensitive
}: 2/15 runes: decaying, serpentine
a: Draw Out Power, Power Leap, Apocalypse, Renounce Religion


You were on level 4 of the Pits of Slime.
You worshipped Ru.
Ru was exalted by your worship.
You were hungry.

You visited 10 branches of the dungeon, and saw 47 of its levels.
You visited 1 bazaar.
You also visited: Ice Cave.

You collected 6328 gold pieces.
You spent 2647 gold pieces at shops.

Inventory:

Hand Weapons
 a - a +2 dagger of electrocution
 n - a +2 demon blade of freezing (weapon)
 J - a +9 blowgun
Missiles
 b - 8 curare-tipped needles
 g - 8 needles of sleeping
 r - 7 needles of confusion
 H - 7 needles of frenzy
 K - 2 throwing nets (quivered)
Armour
 c - the +6 ring mail of Ruilufec (worn) {rPois}
   (You found it on level 3 of the Lair of Beasts)

   It protects you from poison.
 e - the +2 pair of gloves of the Saviour {MR+ Int+3 Dex+2}
   (You bought it in a shop in a bazaar)

   It affects your intelligence (+3).
   It affects your dexterity (+2).
   It affects your resistance to hostile enchantments.
 u - a +2 pair of boots of stealth (worn)
 v - a +3 buckler of fire resistance (worn)
 F - a scarf of resistance (worn)
 S - the +0 pair of gloves "Duwah" (worn) {rCorr}
   (You found it in an ice cave)

   It protects you from acid and corrosion.
Jewellery
 m - a ring of protection from magic (left hand)
 M - a +3 ring of slaying (right hand)
 N - an amulet of guardian spirit (around neck)
 O - an uncursed ring of protection from fire
Wands
 y - a wand of digging (34)
 D - a wand of iceblast (9)
 I - a wand of paralysis (72)
 W - a wand of clouds (1)
 Z - a wand of polymorph (7)
Scrolls
 o - 2 scrolls of summoning
 s - a scroll of amnesia
 t - 7 scrolls of teleportation
 w - 24 scrolls of remove curse
 z - 2 scrolls of identify
 C - 3 scrolls of enchant weapon
 E - 3 scrolls of fear
 G - 2 scrolls of vulnerability
 P - 3 scrolls of silence
 V - 2 scrolls of magic mapping
Potions
 f - 10 potions of curing
 h - 4 potions of haste
 j - 2 potions of agility
 k - a potion of mutation
 l - 4 potions of flight
 p - 3 potions of might
 A - 6 potions of ambrosia
 L - 2 potions of resistance
 Q - 2 potions of berserk rage
 R - 6 potions of brilliance
 U - 8 potions of heal wounds
 Y - 2 potions of magic
Miscellaneous
 x - 2 boxes of beasts
 T - a phantom mirror
 X - a lamp of fire (inert)
Comestibles
 d - 25 rations


   Skills:
 + Level 15.8(12.4) Fighting
 - Level 10.9(8.7) Short Blades
 + Level 7.1 Long Blades
 - Level 8.3(5.5) Armour
 + Level 13.9(10.7) Dodging
 + Level 13.9(10.7) Stealth
 - Level 5.3(2.7) Shields
 - Level 12.0(8.9) Spellcasting
 - Level 2.4(0.0) Conjurations
 - Level 15.0(11.7) Hexes
 + Level 10.5(7.5) Charms
 - Level 5.3(2.7) Summonings
 - Level 6.2(3.5) Transmutations
 - Level 3.2(0.7) Ice Magic
 + Level 10.5(7.6) Air Magic
 - Level 6.3(3.6) Earth Magic
 - Level 5.2(2.6) Evocations


You had one spell level left.
You knew the following spells:

 Your Spells              Type           Power        Failure   Level  Hunger
a - Corona                Hex            ######.      1%          1    None
b - Ensorcelled Hibernat  Hex/Ice        #####.       1%          2    None
c - Confuse               Hex            ######..     1%          3    None
d - Tukima's Dance        Hex            ######..     1%          3    None
e - Petrify               Tmut/Erth      ###.....     36%         4    ###....
f - Dazzling Spray        Conj/Hex       ####..       4%          3    None
g - Summon Butterflies    Summ           ###.....     5%          1    None
h - Passwall              Tmut/Erth      ###.....     6%          2    None
i - Swiftness             Chrm/Air       #####...     1%          2    None
j - Invisibility          Hex            ######..     22%         6    ######.
k - Darkness              Hex            ######....   22%         6    ######.
l - Summon Mana Viper     Hex/Summ       #####...     24%         5    #####..
m - Deflect Missiles      Chrm/Air       #####.....   75%         6    ######.

Your spell library contained the following spells:

 Spells                   Type           Power        Failure   Level  Hunger
 Magic Dart               Conj           #...         17%         1    None
 Apportation              Tloc           #.....       17%         1    None
 Conjure Flame            Conj/Fire      #.......     45%         3    None
 Slow                     Hex            ######..     1%          2    None
 Throw Frost              Conj/Ice       ##....       22%         2    None
 Mephitic Cloud           Conj/Pois/Air  ###.....     19%         3    None
 Venom Bolt               Conj/Pois      #.........   99%         5    #####..
 Olgreb's Toxic Radiance  Pois           #.......     86%         4    ###....
 Summon Small Mammal      Summ           ###.         5%          1    None
 Blink                    Tloc           N/A          26%         2    None
 Summon Horrible Things   Summ           ###.......   100%        8    #######
 Animate Dead             Necr           N/A          86%         4    ###....
 Pain                     Necr           #...         17%         1    None
 Animate Skeleton         Necr           N/A          17%         1    None
 Vampiric Draining        Necr           #.........   45%         3    None
 Freeze                   Ice            ##..         12%         1    None
 Summon Ice Beast         Ice/Summ       ###.....     63%         4    ###....
 Ozocubu's Armour         Chrm/Ice       ####....     10%         3    None
 Call Imp                 Summ           ###.....     9%          2    None
 Regeneration             Chrm/Necr      ####......   11%         3    None
 Sting                    Conj/Pois      #...         17%         1    None
 Summon Greater Demon     Summ           ###.......   100%        7    #######
 Stone Arrow              Conj/Erth      ###...       24%         3    None
 Throw Icicle             Conj/Ice       ##......     82%         4    ###....
 Confusing Touch          Hex            ######       1%          1    None
 Call Canine Familiar     Summ           ###.....     17%         3    None
 Metabolic Englaciation   Hex/Ice        #####.....   36%         5    #####..
 Lee's Rapid Deconstruct  Erth           ###.......   71%         5    #####..
 Sandblast                Erth           ###...       3%          1    None
 Simulacrum               Ice/Necr       ##........   100%        6    ######.
 Excruciating Wounds      Chrm/Necr      ####......   69%         5    #####..
 Monstrous Menagerie      Summ           ###.......   100%        7    #######
 Passage of Golubria      Tloc           N/A          86%         4    ###....
 Malign Gateway           Summ/Tloc      ###.......   100%        7    #######
 Summon Hydra             Summ           ###.......   100%        7    #######
 Summon Lightning Spire   Summ/Air       ####....     21%         4    ###....
 Summon Guardian Golem    Hex/Summ       #####...     2%          3    None
 Gell's Gravitas          Tloc           #.........   45%         3    None
 Yara's Violent Unravell  Hex/Tmut       #####.....   21%         5    #####..
 Poisonous Vapours        Pois/Air       ####..       5%          2    None
 Borgnjor's Vile Clutch   Necr/Erth      ###.......   92%         5    #####..


Dungeon Overview and Level Annotations

Branches:
Dungeon (15/15)            Temple (1/1) D:4            Lair (6/6) D:11
  Swamp (4/4) Lair:2        Snake (4/4) Lair:4        Slime (5/5) Lair:5
    Orc (2/2) D:12            Elf (3/3) Orc:2        Vaults (4/5) D:13
  Crypt (0/3) Vaults:3     Depths (3/5) D:15

Altars:
Ashenzari
Cheibriados
Dithmenos
Elyvilon
Fedhas
Gozag
Hepliaklqana
Kikubaaqudgha
Makhleb
Nemelex Xobeh
Okawaru
Qazlal
Ru
Sif Muna
Trog
Uskayaw
Vehumet
Wu Jian
Xom
Yredelemnul
Zin
The Shining One
Beogh
Jiyva

Shops:
D:4 [[:   D:13 (%   D:15 *   Orc:1 [([**   Orc:2 ([[=(   Elf:1 [   Elf:3 (
Snake:1 ?   Snake:3 }}==   Vaults:1 **   Vaults:4 (

Portals:
Hell: Depths:1 Depths:2
Abyss: Depths:2 Depths:3
Trove: D:14 (give 8 potions of haste)

Annotations:
Lair:6 Nessos
Elf:2 1 exclusion, Roxanne
Elf:3 3 runed doors, exclusion: 3 doors, iamserjio's ghost, veteran DsBe
Vaults:1 3 runed doors, exclusions: 4 doors and obsidian statue


Innate Abilities, Weirdness & Mutations

You have a pair of large antennae on your head. (SInv)
You are completely covered in rugged brown scales. (AC +3, +7% HP)
You are very clumsy. (Dex -4)
A powerful demonic guardian rushes to your aid.
You resist negative energy. (rN+)
You are completely attuned to the shadows.
Potions cannot restore your health.
You cannot drink potions while threatened.
You are missing an eye, making it more difficult to aim.
You are sensitive to extremes of temperature. (rF-, rC-)
You have sharp fingernails.
Scrolls take you longer to read.
You possess an exceptional clarity of mind.
You have an increased reservoir of magic. (+10% MP)
Your muscles are strong. (Str +2)


Message History

Unknown command.
Unknown command.
Really read with blurry vision while enemies are nearby?
Okay, then.
Unknown command.
Unknown command.
Unknown command.
Really read with blurry vision while enemies are nearby?
The slime creature hits something!
The acid blob begins to attack, but is stunned by your will!
You block the slime creature's attack.
Two slime creatures merge to form a very large slime creature.
The slime creature hits you but does no damage.
A large slime creature splits.
The slime creature quivers. x2
You begin reading the scroll.
You continue reading the scroll.
The acid blob hits you!!
* * * LOW HITPOINT WARNING * * *
You are splashed with acid!
The acid burns!
You resist.
You die...

**,******,,,**
***,,,*,**,,,,,*
**,**,*,,,,,,,,,*
*,,,,,,,,,*,,,,**######
***,,,*,,,,,,,,,,*##.#..##
*,,,,,,,,,,,{..J##..{{2..#***
,,,,,,,,*,{{,JJJJ..J{{..#.#,**
,,,,,,,,,,,{{JJJGJ.§.J.....,,*
,,,,,,<,,,,{{JJJ@..§##.##.#,**
,,,,,,,,,,,,{J#JJ..#*###*##**
*,,,,,,>,,,,,#J..###**
*,,,,,,,,,,,,.....,,,**
,,,,,,,,,,,,,,,,,,,,,,*
,,,,,,,,,,,,,,,,,,,,,**
,,,,,,,,,,,,,,,,,,,,*******
,,*,,,,,,,,,,,,,,,,****,*,**
,****,,,,,,,*,,,,,** *,,,,,*


You could see 2 acid blobs, a very large slime creature, 12 slime creatures, 2
death oozes and an eye of draining.

Vanquished Creatures
  the Royal Jelly (Slime:5)
  Nikola (Snake:4)
  A golden dragon (Depths:2)
  Jorgrun (Elf:2)
  7 acid blobs
  A deep elf blademaster (Elf:3)
  A sphinx (Vaults:4)
  Frances (Swamp:1)
  A shadow dragon (Depths:2)
  3 tengu reavers (Depths:2)
  2 thorn hunters
  Kirke (D:13)
  2 nagarajas
  Donald (Elf:1)
  3 azure jellies
  3 fire giants
  2 deep elf sorcerers
  3 vault wardens
  The ghost of SnubMonkey the Eclecticist, an adept SpEE of Vehumet (Swamp:2)
  2 frost giants (Depths:2)
  3 orc warlords
  A deep elf elementalist (Elf:3)
  10 stone giants
  2 entropy weavers
  6 ironheart preservers
  7 very ugly things
  5 deep elf demonologists
  4 deep elf annihilators
  2 death oozes
  4 ettins
  3 deep elf death magi
  Josephine (Swamp:1)
  13 yaktaur captains
  6 fire dragons
  The ghost of FluffierThanThou the Fighter, a journeyman MiFi of Okawaru (D:12)
  5 vault guards
  2 deep elf high priests (Elf:3)
  The ghost of Houdghis the Martial Artist, a journeyman OpNe of Cheibriados (Lair:5)
  6 rakshasas
  5 ogre magi
  6 great orbs of eyes
  15 naga warriors
  3 catoblepae
  12 hydras
  7 ice dragons
  6 anacondas
  A ghost crab (Swamp:3)
  9 centaur warriors
  4 death knights
  34 two-headed ogres
  18 dancing weapons
  11 alligators
  7 deep troll shamans
  11 death yaks (Lair:6)
  4 orc high priests
  Urug (D:11)
  6 deep troll earth magi
  10 naga sharpshooters
  3 hell knights (Depths:2)
  5 tengu warriors (Depths:2)
  Nergalle (D:11)
  7 spriggan berserkers
  16 deep elf knights
  A shock serpent (shapeshifter) (Depths:2)
  4 shock serpents
  A shadow wraith (Vaults:3)
  Sonja (D:14)
  A soul eater (Depths:1)
  3 salamander mystics
  4 unseen horrors
  An iron troll (Depths:1)
  An unseen horror (shapeshifter) (Vaults:1)
  A spriggan druid (Swamp:3)
  4 sea snakes (Snake:4)
  5 deep trolls
  4 naga ritualists
  2 shambling mangroves
  4 glowing orange brains
  A flayed ghost (Vaults:1)
  4 wizards
  13 deep elf archers
  11 orc knights
  2 large abominations (Elf:1)
  6 ironbrand convokers
  5 necromancers
  2 swamp dragons
  Pikel (D:5)
  3 wolf spiders
  6 mana vipers
  A phantasmal warrior (Vaults:3)
  3 harpies (Vaults:4)
  13 salamanders
  5 orc sorcerers
  5 cyclopes
  4 manticores
  23 ugly things
  A shining eye (shapeshifter) (Depths:2)
  An elephant (shapeshifter) (Depths:2)
  54 deep elf magi
  3 shining eyes
  2 stone giant skeletons
  Maurice (D:12)
  A human skeleton (Vaults:4)
  2 ice statues (IceCv)
  12 vault sentinels
  2 guardian serpents (Snake:3)
  A centaur zombie (D:14)
  20 elephants
  26 black mambas
  8 naga magi
  A gargoyle (D:14)
  21 spiny frogs
  An efreet (D:14)
  13 rime drakes
  3 centaur skeletons
  6 freezing wraiths
  37 yaktaurs
  4 komodo dragons
  A yaktaur skeleton (Vaults:1)
  8 ice devils
  2 polar bears (Lair:6)
  3 trolls
  Grinder (D:4)
  A sphinx simulacrum (Vaults:1)
  13 hornets
  8 tyrant leeches
  3 bog bodies
  5 blink frogs
  A dream sheep (shapeshifter) (Depths:2)
  A meliai zombie (D:15)
  52 slime creatures
  4 dream sheep (Lair:6)
  18 hippogriffs
  8 redbacks
  Sigmund (D:4)
  A spriggan (shapeshifter) (Vaults:4)
  A redback (shapeshifter) (Elf:3)
  11 spriggans
  7 water elementals
  8 wraiths
  4 wyverns
  26 yaks
  6 shadows
  A vampire (D:10)
  3 air elementals
  2 humans (shapeshifter)
  4 hogs (D:7)
  5 basilisks
  A swamp worm simulacrum (Swamp:4)
  2 steam dragons
  2 fire elementals
  8 golden eyes (Slime:4)
  2 hungry ghosts
  A spatial vortex (Depths:1)
  18 vampire mosquitoes
  12 insubstantial wisps
  6 wargs
  38 nagas
  An ogre zombie (Vaults:1)
  22 swamp worms
  Duvessa (D:4)
  2 acid dragons
  2 hell hounds (Lair:5)
  12 hydra simulacra (Swamp:4)
  24 water moccasins
  10 porcupines
  7 swamp drakes
  A black bear (D:7)
  3 eyes of draining
  An eye of draining (shapeshifter) (Elf:2)
  5 ice beasts
  4 sky beasts
  49 orc warriors
  4 phantoms
  3 slaves (D:5)
  4 boggarts
  23 centaurs
  An elf skeleton (Vaults:4)
  21 ogres
  23 wolves
  18 crocodiles
  A big kobold (D:8)
  A yaktaur zombie (Vaults:1)
  17 bullfrogs
  4 elf zombies (Elf:1)
  Dowan (D:4)
  2 earth elementals
  A gnoll sergeant (D:12)
  A glowing shapeshifter simulacrum (Vaults:2)
  4 scorpions
  14 killer bees
  23 wights
  5 howler monkeys
  4 jellies
  An electric eel (Lair:3)
  8 crimson imps
  A bullfrog zombie (D:7)
  2 quasits
  2 hounds
  23 orc priests
  A bullfrog skeleton (D:11)
  25 orc wizards
  Crazy Yiuf (D:6)
  4 iguanas
  10 worker ants
  A worker ant zombie (D:10)
  4 gnolls (D:12)
  14 adders
  4 shadow imps
  11 white imps (IceCv)
  4 ufetubi (IceCv)
  3 oozes
  6 swamp drake simulacra (Swamp:4)
  2 adder zombies
  An adder skeleton (D:9)
  3 dart slugs
  6 leopard geckos
  98 orcs
  6 ball pythons
  7 giant cockroaches
  2 gnoll zombies (D:5)
  10 goblins
  3 hobgoblins
  22 jackals
  2 quokkas
  8 bats
  6 frilled lizards
  A jackal skeleton (D:4)
  2 jackal zombies
  16 kobolds
  5 rats
  A fungus (Depths:2)
  3 plants
1634 creatures vanquished.

Vanquished Creatures (collateral kills)
  A juggernaut (Depths:2)
  Sojobo (Depths:2)
  Boris (Vaults:4)
  Saint Roka (Elf:2)
  Bai Suzhen (Vaults:4)
  2 liches (Depths:2)
  2 tentacled monstrosities (Depths:2)
  2 deep elf master archers (Elf:3)
  Asterion (Elf:2)
  3 acid blobs
  A deep elf blademaster (Elf:2)
  A thorn hunter (Swamp:2)
  Agnes (Elf:1)
  A tengu reaver (Depths:2)
  4 nagarajas (Snake:4)
  2 fire giants
  An iron dragon (Depths:2)
  A deep elf sorcerer (Elf:3)
  The ghost of Xowapp the Peltast, an adept GrFi of Okawaru (Swamp:1)
  A frost giant (Depths:2)
  2 deep elf elementalists
  2 ironheart preservers
  A stone giant (Depths:1)
  3 very ugly things (Depths:2)
  7 deep elf annihilators
  4 deep elf demonologists
  4 deep elf death magi (Elf:3)
  A death ooze (Slime:5)
  2 great orbs of eyes
  A yaktaur captain (Depths:2)
  6 ogre magi
  A vault guard (D:13)
  A naga warrior (Snake:4)
  4 two-headed ogres
  A catoblepas (Lair:6)
  A deep troll shaman (Depths:2)
  A centaur warrior (Depths:1)
  A tengu warrior (Depths:2)
  4 naga sharpshooters
  10 dancing weapons
  3 spriggan berserkers
  4 deep elf knights
  2 hell knights (Depths:2)
  2 iron trolls
  A wizard (Depths:2)
  2 spriggan druids
  A flayed ghost (Depths:2)
  2 deep elf archers (Elf:1)
  12 deep elf magi
  A shambling mangrove (Swamp:3)
  An orc knight (D:15)
  An ugly thing (Depths:2)
  A cyclops (D:12)
  A shining eye (Slime:4)
  A salamander (Depths:1)
  A naga mage (Snake:4)
  A gargoyle (D:15)
  A spiny frog (Lair:3)
  3 yaktaurs
  5 freezing wraiths
  A tengu conjurer (Depths:2)
  A hornet (Vaults:4)
  3 slime creatures
  2 yaks (D:9)
  2 air elementals (Elf:1)
  4 water elementals (Depths:1)
  A wyvern (Lair:6)
  A redback (Snake:3)
  A human (D:7)
  2 wraiths (Swamp:1)
  A hog (D:13)
  5 nagas
  Edmund (D:4)
  2 orc warriors (Elf:2)
  A boggart (Depths:1)
  7 ogres
  A wolf (Lair:3)
  2 centaurs
  An earth elemental (Elf:1)
  A wight (D:8)
  A crimson imp (Depths:1)
  An orc priest (D:6)
  2 orc wizards (D:4)
  A hound skeleton (D:4)
  A shadow imp (D:10)
  A white imp (IceCv)
  10 orcs
  A fungus (Swamp:2)
190 creatures vanquished.

Vanquished Creatures (others)
  A deep elf blademaster (Elf:3)
  A nagaraja (Snake:4)
  A deep elf sorcerer (Elf:3)
  An ironheart preserver (Vaults:3)
  A reaper (IceCv)
  A dire elephant (Lair:6)
  A death ooze (Slime:5)
  A vault guard (D:13)
  An ice dragon (Swamp:4)
  A catoblepas (Lair:4)
  A deep elf knight (Elf:1)
  A spriggan druid (Swamp:4)
  2 deep elf magi (Elf:2)
  An ugly thing (Depths:1)
  An elephant (Lair:4)
  A guardian serpent (Snake:4)
  2 freezing wraiths
  2 hornets
  A jumping spider (shapeshifter) (Depths:2)
  A slime creature (Slime:1)
  A tyrant leech (Swamp:4)
  A blink frog (Swamp:4)
  A water elemental (Depths:1)
  A basilisk (Lair:6)
  A vampire mosquito (Swamp:2)
  8 dancing weapons
  A swamp worm (Lair:1)
  A hydra simulacrum (Swamp:4)
  3 orc warriors
  An ogre (Depths:2)
  An ettin simulacrum (Vaults:2)
  4 centaurs
  A boggart (Depths:1)
  A white imp (IceCv)
  3 ufetubi (IceCv)
  2 orcs (D:12)
  16 fungi
  43 plants
113 creatures vanquished.

Grand Total: 1937 creatures vanquished

Notes
Turn   | Place    | Note
-------+----------+-------------------------------------------
     0 | D:1      | Jannitor the Demonspawn Enchanter began the quest for the Orb.
     0 | D:1      | Reached XP level 1. HP: 13/13 MP: 3/3
    34 | D:1      | Reached skill level 1 in Short Blades
   192 | D:1      | Gained mutation: You have a pair of small antennae on your head. [demonic ancestry]
   192 | D:1      | Reached XP level 2. HP: 10/19 MP: 1/5
   378 | D:1      | Learned a level 2 spell: Ensorcelled Hibernation
   945 | D:2      | Gained mutation: You are slightly more attuned to the shadows. [demonic ancestry]
   945 | D:2      | Reached XP level 3. HP: 19/24 MP: 1/6
  1198 | D:2      | Reached skill level 1 in Ice Magic
  1742 | D:2      | Gained mutation: You are partially covered in rugged brown scales. (AC +1, +3% HP) [demonic ancestry]
  1742 | D:2      | Reached XP level 4. HP: 24/30 MP: 7/7
  1958 | D:2      | Learned a level 3 spell: Confuse
  2077 | D:2      | Found a faded altar of an unknown god.
  3045 | D:4      | Found Misunwec's Armour Emporium.
  3077 | D:4      | Gained mutation: Your system is resistant to poisons. (rPois) [potion of mutation]
  3077 | D:4      | Gained mutation: You are frail. (-10% HP) [potion of mutation]
  3077 | D:4      | Gained mutation: You have sharp toenails. [potion of mutation]
  3077 | D:4      | Gained mutation: You have sharp fingernails. [potion of mutation]
  3300 | D:4      | Noticed a phantom
  3384 | D:4      | Noticed Duvessa
  3384 | D:4      | Noticed Dowan
  3413 | D:4      | Noticed Sigmund
  3417 | D:4      | HP: 1/27 [Sigmund/puff of flame (11)]
  3419 | D:4      | Killed Sigmund
  3419 | D:4      | Reached XP level 5. HP: 2/32 MP: 3/8
  3419 | D:4      | Reached XP level 6. HP: 2/38 MP: 3/9
  3735 | D:4      | Learned a level 3 spell: Tukima's Dance
  4013 | D:5      | Entered Level 5 of the Dungeon
  4054 | D:5      | Noticed Pikel
  4071 | D:4      | Found Nyane's Book Boutique.
  4083 | D:4      | Found a hide-covered altar of Uskayaw.
  4149 | D:4      | Noticed Edmund
  4221 | D:4      | Killed Edmund
  4662 | D:4      | Noticed Grinder
  4820 | D:4      | Paralysed by Grinder for 2 turns
  4840 | D:4      | Killed Grinder
  4840 | D:4      | Gained mutation: A weak demonic guardian rushes to your aid. [demonic ancestry]
  4840 | D:4      | Reached XP level 7. HP: 29/42 MP: 0/10
  5016 | D:4      | Reached skill level 5 in Hexes
  5887 | D:4      | Found Icoitz's Antique Armour Emporium.
  5891 | D:4      | Bought a glowing buckler for 172 gold pieces
  6590 | D:5      | Learned a level 1 spell: Magic Dart
  6631 | D:5      | Found a stormy altar of Qazlal.
  6680 | D:5      | Reached skill level 5 in Stealth
  6927 | D:5      | Found a basalt altar of Yredelemnul.
  7385 | D:5      | Reached skill level 1 in Shields
  7385 | D:5      | Reached XP level 8. HP: 48/48 MP: 7/12
  7501 | D:5      | Killed Pikel
  7501 | D:5      | Reached skill level 1 in Evocations
  8394 | D:6      | Found a shattered altar of Ashenzari.
  8756 | D:6      | Found a shattered altar of Ashenzari.
  9034 | D:5      | Gained mutation: You are significantly more attuned to the shadows. [demonic ancestry]
  9034 | D:5      | Reached XP level 9. HP: 24/53 MP: 2/14
  9509 | D:6      | Found a runed door.
  9824 | D:6      | Found a shattered altar of Ashenzari.
  9824 | D:6      | Found a glowing silver altar of Zin.
  9827 | D:6      | Found a white marble altar of Elyvilon.
 10045 | D:7      | Got a bloodstained whip
 10050 | D:7      | Identified the +6 whip "Puroes" {flame, Fragile rElec rF+ Dex+5} (You found it on level 7 of the Dungeon)
 10300 | D:7      | Found a shadowy altar of Dithmenos.
 10539 | D:7      | Found a burning altar of Makhleb.
 11090 | D:7      | Reached skill level 5 in Short Blades
 11530 | D:7      | Reached skill level 5 in Shields
 12694 | D:4      | Learned a level 3 spell: Dazzling Spray
 12700 | D:4      | Killed Duvessa
 12716 | D:4      | Killed Dowan
 12813 | D:4      | Found a staircase to the Ecumenical Temple.
 12819 | Temple   | Entered the Ecumenical Temple
 12939 | Temple   | Became a worshipper of Ru the Awakened
 13131 | D:6      | Noticed Crazy Yiuf
 13135 | D:6      | Killed Crazy Yiuf
 13135 | D:6      | Gained mutation: You are mostly covered in rugged brown scales. (AC +2, +5% HP) [demonic ancestry]
 13135 | D:6      | Reached XP level 10. HP: 53/59 MP: 13/17
 13577 | D:8      | Reached skill level 5 in Spellcasting
 13586 | D:8      | Found a blossoming altar of Fedhas.
 14822 | D:9      | Gained mutation: Potions are less effective at restoring your health. [Ru sacrifice]
 14893 | D:9      | Found an opulent altar of Gozag.
 15577 | D:9      | Found an ornate altar of the Wu Jian Council.
 15828 | D:10     | Entered Level 10 of the Dungeon
 15941 | D:10     | Noticed a two-headed ogre
 16004 | D:10     | Reached skill level 5 in Evocations
 16029 | D:10     | Noticed a two-headed ogre
 16036 | D:10     | Killed a two-headed ogre
 16796 | D:10     | Learned a level 1 spell: Summon Butterflies
 16816 | D:11     | Noticed a manticore
 16817 | D:11     | Killed a manticore
 16817 | D:11     | Reached XP level 11. HP: 64/64 MP: 19/19
 16858 | D:11     | You fall through a shaft for 3 floors!
 16931 | D:14     | Noticed a deep elf mage
 16941 | D:14     | Killed a deep elf mage
 16962 | D:14     | Found a portal to a secret trove of treasure.
 17032 | D:13     | Noticed a centaur warrior
 17364 | D:14     | Gained mutation: You are missing an eye, making it more difficult to aim. [Ru sacrifice]
 17364 | D:14     | Reached * piety under Ru
 17418 | D:14     | Reached skill level 5 in Dodging
 17654 | D:13     | Noticed a two-headed ogre
 17662 | D:13     | Killed a two-headed ogre
 17919 | D:12     | Noticed a deep elf mage
 17999 | D:12     | Noticed a death knight
 18202 | D:11     | Noticed Urug
 18218 | D:11     | Noticed Nergalle
 18779 | D:11     | Killed Urug
 19162 | D:11     | You fall through a shaft!
 19163 | D:12     | Noticed a deep elf mage
 19168 | D:12     | Killed a deep elf mage
 19236 | D:12     | Noticed a white ugly thing
 19590 | D:11     | Killed Nergalle
 19614 | D:11     | Reached XP level 12. HP: 65/70 MP: 12/22
 19761 | D:11     | Found a staircase to the Lair.
 19918 | Lair:1   | Entered Level 1 of the Lair of Beasts
 20919 | Lair:1   | Gained mutation: You cannot drink potions while threatened. [Ru sacrifice]
 20919 | Lair:1   | Reached ** piety under Ru
 21020 | Lair:1   | Reached skill level 1 in Fighting
 21783 | Lair:2   | Found a staircase to the Swamp.
 22406 | Lair:3   | Identified a scroll of acquirement
 22430 | Lair:3   | Found a frozen archway.
 22646 | IceCv    | Entered an ice cave
 23450 | IceCv    | Killed a reaper
 23938 | IceCv    | Got a pair of ancient gloves
 23940 | IceCv    | Got a pair of scorched gloves
 23963 | IceCv    | Identified the +1 pair of gloves of Eternal Vigilance {Str+5 Dex-3} (You found it in an ice cave)
 23973 | IceCv    | Identified the +0 pair of gloves "Duwah" {rCorr} (You found it in an ice cave)
 24432 | IceCv    | Reached skill level 1 in Conjurations
 24957 | Lair:3   | Identified the +9 hand crossbow of Wyrd {penet, rElec rF- Str+3 Stlth+} (You acquired it on level 3 of the Lair of Beasts)
 24959 | Lair:3   | Upgraded the game from 0.22-a0-608-g8a62e23f9f to 0.22-a0-609-gfedc9ff77b
 25250 | Lair:3   | Reached skill level 10 in Stealth
 25260 | Lair:3   | Gained mutation: You are sensitive to extremes of temperature. (rF-, rC-) [Ru sacrifice]
 25260 | Lair:3   | Reached *** piety under Ru
 25260 | Lair:3   | Reached **** piety under Ru
 25260 | Lair:3   | Reached ***** piety under Ru
 25488 | Lair:3   | Identified the +6 ring mail of Ruilufec {rPois} (You found it on level 3 of the Lair of Beasts)
 25623 | Lair:3   | Reached skill level 1 in Armour
 25778 | Lair:3   | Gained mutation: You are completely attuned to the shadows. [demonic ancestry]
 25778 | Lair:3   | Reached XP level 13. HP: 81/85 MP: 11/25
 26378 | Lair:4   | Reached skill level 5 in Fighting
 26441 | Lair:4   | Found a staircase to the Snake Pit.
 27103 | Lair:4   | Found a shattered altar of Ashenzari.
 27607 | Lair:3   | Reached skill level 5 in Armour
 28410 | Lair:5   | Found a viscous altar of Jiyva.
 28412 | Lair:5   | Found a staircase to the Slime Pits.
 28828 | Lair:5   | Found a runed gate.
 28828 | Lair:5   | Found a runed gate.
 28828 | Lair:5   | Found a runed gate.
 28894 | Lair:5   | Noticed Houdghis's ghost (journeyman OpNe)
 29288 | Lair:6   | Entered Level 6 of the Lair of Beasts
 30125 | Lair:6   | Noticed Nessos
 30459 | D:4      | Bought a book of Burglary for 1050 gold pieces
 30462 | D:4      | Learned a level 2 spell: Passwall
 30465 | D:4      | Learned a level 2 spell: Swiftness
 30472 | D:4      | Learned a level 6 spell: Invisibility
 30938 | Lair:6   | Reached XP level 14. HP: 98/98 MP: 26/26
 30940 | Lair:6   | Lost mutation: You are frail. (-10% HP) [potion of mutation]
 30940 | Lair:6   | Lost mutation: Your system is resistant to poisons. (rPois) [potion of mutation]
 30940 | Lair:6   | Lost mutation: You have sharp toenails. [potion of mutation]
 30940 | Lair:6   | Gained mutation: Scrolls take you a little longer to read. [potion of mutation]
 30940 | Lair:6   | Gained mutation: You are frail. (-10% HP) [potion of mutation]
 30940 | Lair:6   | Gained mutation: You are occasionally teleported next to monsters. [potion of mutation]
 30940 | Lair:6   | Gained mutation: Your muscles are strong. (Str +2) [potion of mutation]
 30941 | Lair:6   | Lost mutation: You are occasionally teleported next to monsters. [potion of mutation]
 30941 | Lair:6   | Lost mutation: Your muscles are strong. (Str +2) [potion of mutation]
 30941 | Lair:6   | Lost mutation: You are frail. (-10% HP) [potion of mutation]
 30941 | Lair:6   | Gained mutation: You are resistant to hostile enchantments. (MR+) [potion of mutation]
 30941 | Lair:6   | Gained mutation: You are clumsy. (Dex -2) [potion of mutation]
 30941 | Lair:6   | Gained mutation: You are completely covered in rugged brown scales. (AC +3, +7% HP) [potion of mutation]
 30941 | Lair:6   | Gained mutation: Your flesh is heat resistant. (rF+) [potion of mutation]
 30983 | Lair:6   | Reached skill level 10 in Hexes
 31331 | Lair:5   | Gained mutation: You are frail. (-10% HP) [mutagenic glow]
 32956 | D:12     | Found a staircase to the Orcish Mines.
 33130 | D:12     | Found a runed door.
 33131 | D:12     | Noticed FluffierThanThou's ghost (journeyman MiFi)
 33223 | D:13     | Found Illupp's Weapon Emporium.
 33223 | D:13     | Noticed Maurice
 33244 | D:12     | Killed Maurice
 33499 | D:13     | Found Reseint's Food Shoppe.
 33817 | D:13     | Found a gate to the Vaults.
 33912 | D:13     | Reached skill level 10 in Spellcasting
 34953 | D:14     | Noticed Sonja
 34955 | D:14     | Killed Sonja
 35627 | D:15     | Entered Level 15 of the Dungeon
 35754 | Orc:1    | Entered Level 1 of the Orcish Mines
 35852 | Orc:1    | Found Ulu Tol's Antique Weapon Shop.
 35972 | Orc:1    | Learned a level 6 spell: Darkness
 35985 | Orc:1    | Found Urel's Antique Armour Emporium.
 36005 | Orc:1    | Mutation became permanent: You are clumsy. (Dex -2) [Ru sacrifice]
 36005 | Orc:1    | Gained mutation: You are clumsy. (Dex -2) [Ru sacrifice]
 36023 | Orc:2    | Entered Level 2 of the Orcish Mines
 36061 | Orc:2    | Found Imurho's Armour Boutique.
 36215 | Orc:2    | Found a staircase to the Elven Halls.
 36371 | Orc:2    | Noticed an orc warlord
 36459 | Orc:1    | Found Biohik's General Store.
 36464 | Orc:1    | Bought a potion of heal wounds for 55 gold pieces
 36473 | Orc:1    | Found Emnuewk's Assorted Antiques.
 36644 | Orc:1    | Found Onirroer's Armour Shop.
 36647 | Orc:1    | Bought a +1 pair of boots of stealth for 181 gold pieces
 36746 | Orc:1    | Found a roughly hewn altar of Beogh.
 37032 | Orc:2    | Found a roughly hewn altar of Beogh.
 37424 | Orc:2    | Killed an orc warlord
 37793 | Orc:2    | Reached XP level 15. HP: 106/106 MP: 26/29
 38514 | D:15     | Gained mutation: Potions are poor at restoring your health. [Ru sacrifice]
 38514 | D:15     | Reached ****** piety under Ru
 38927 | D:15     | Found a staircase to the Depths.
 39408 | D:15     | Found Fiankeob's General Store.
 39795 | Orc:2    | Found a roughly hewn altar of Beogh.
 39800 | Orc:2    | Found Elyuggeh's Jewellery Shoppe.
 39946 | Orc:2    | Found a roughly hewn altar of Beogh.
 40086 | Orc:2    | Found Seas's Antique Weapon Emporium.
 40403 | Orc:2    | Found a roughly hewn altar of Beogh.
 40784 | Orc:2    | Noticed an orc warlord
 40812 | Orc:2    | Killed an orc warlord
 41118 | Orc:2    | Found Komyman's Antique Armour Shoppe.
 41118 | Orc:2    | Found Buc Kei's Antique Weapon Emporium.
 41121 | Orc:2    | Found a roughly hewn altar of Beogh.
 41503 | Snake:1  | Entered Level 1 of the Snake Pit
 41586 | Snake:1  | Found a radiant altar of Vehumet.
 42429 | Snake:1  | Found Lecvimp's Magic Scroll Emporium.
 42506 | Snake:1  | Reached skill level 15 in Hexes
 43054 | Snake:2  | Reached skill level 1 in Transmutations
 43054 | Snake:2  | Reached skill level 1 in Earth Magic
 43590 | Snake:2  | Lost mutation: Scrolls take you a little longer to read. [potion of mutation]
 43590 | Snake:2  | Lost mutation: Your flesh is heat resistant. (rF+) [potion of mutation]
 43590 | Snake:2  | Lost mutation: You are frail. (-10% HP) [potion of mutation]
 43590 | Snake:2  | Gained mutation: Scrolls take you a little longer to read. [potion of mutation]
 43590 | Snake:2  | Gained mutation: You tend to lose your temper in combat. [potion of mutation]
 43590 | Snake:2  | Gained mutation: Your natural rate of healing is unusually fast. [potion of mutation]
 44046 | Snake:2  | Noticed a nagaraja
 44067 | Snake:2  | Killed a nagaraja
 44417 | Snake:2  | Identified the +3 cloak of the Amoeba {rPois rF- MR- Int+7} (You found it on level 2 of the Snake Pit)
 45211 | Snake:3  | Found Fuled's Gadget Shop.
 45228 | Snake:3  | Gained mutation: You have a pair of antennae on your head. [demonic ancestry]
 45228 | Snake:3  | Reached XP level 16. HP: 127/127 MP: 23/30
 45829 | Snake:3  | Identified the Handbook of Gliding Talismans
 45837 | Snake:3  | Learned a level 5 spell: Summon Mana Viper
 46006 | Snake:3  | Reached skill level 1 in Summonings
 46827 | Snake:3  | Found Ryrex's Jewellery Shop.
 46827 | Snake:3  | Found Haler's Jewellery Shop.
 46828 | Snake:3  | Found Ifoasyan's Gadget Shoppe.
 46838 | Snake:3  | Bought a cursed -6 ring of slaying for 30 gold pieces
 46841 | Snake:3  | Bought a cursed ring of loudness for 67 gold pieces
 46841 | Snake:3  | Bought a cursed ring of teleportation for 67 gold pieces
 46843 | Snake:3  | Bought a cursed amulet of inaccuracy for 30 gold pieces
 47240 | Snake:4  | Entered Level 4 of the Snake Pit
 47378 | Snake:4  | Noticed Nikola
 47428 | Snake:4  | Killed Nikola
 47673 | Snake:3  | Reached skill level 5 in Earth Magic
 48004 | Snake:4  | Reached skill level 5 in Transmutations
 48811 | Snake:4  | Reached skill level 10 in Fighting
 50244 | Snake:4  | Got a serpentine rune of Zot
 51438 | D:12     | Killed FluffierThanThou's ghost
 51439 | D:12     | Reached skill level 5 in Summonings
 51447 | D:12     | Gained mutation: You have a pair of large antennae on your head. (SInv) [demonic ancestry]
 51447 | D:12     | Reached XP level 17. HP: 100/138 MP: 14/31
 51691 | D:13     | Noticed Kirke
 51714 | D:13     | Killed Kirke
 51919 | Elf:1    | Entered Level 1 of the Elven Halls
 52301 | Elf:1    | Noticed Donald
 53175 | Elf:1    | Noticed Agnes
 53200 | Elf:1    | Killed Agnes
 53465 | Elf:1    | Killed Donald
 53470 | Elf:1    | Identified the +0 shield of Jimoppo {rC+ Int+2} (You took it off Donald on level 1 of the Elven Halls)
 53576 | Elf:1    | Found Bacruobb's Antique Armour Shop.
 53888 | Elf:1    | Reached skill level 10 in Short Blades
 54091 | Elf:1    | Identified Laruneph's Incunabulum of Unholy Rituals
 54121 | Elf:2    | Noticed Jorgrun
 54176 | Elf:2    | Killed Jorgrun
 54465 | Elf:2    | Found a runed gate.
 54470 | Elf:2    | Found a runed gate.
 54470 | Elf:2    | Found a runed gate.
 54660 | Elf:2    | Noticed a quicksilver dragon
 54660 | Elf:2    | a stone giant changed into a quicksilver dragon
 54667 | Elf:2    | a quicksilver dragon changed into a shadow dragon
 54871 | Elf:2    | Noticed a Tzitzimitl
 54876 | Elf:2    | Noticed a Hell Sentinel
 55874 | Elf:2    | Noticed Roxanne
 56074 | Elf:2    | Noticed Asterion
 56091 | Elf:2    | Noticed Saint Roka
 56406 | Elf:2    | Killed Asterion
 57003 | Elf:2    | Noticed a deep elf blademaster
 57021 | Elf:2    | Killed a deep elf blademaster
 57498 | Elf:2    | Killed Saint Roka
 58560 | Elf:3    | Entered Level 3 of the Elven Halls
 58645 | Elf:3    | Gained mutation: A demonic guardian rushes to your aid. [demonic ancestry]
 58645 | Elf:3    | Reached XP level 18. HP: 125/149 MP: 26/33
 60013 | Elf:3    | Found a runed gate.
 60014 | Elf:3    | Found a runed gate.
 60015 | Elf:3    | Found a runed gate.
 60581 | Elf:3    | Learned a level 6 spell: Deflect Missiles
 60679 | Elf:3    | Found Hecucic's Weapon Shop.
 61479 | Elf:3    | Reached skill level 1 in Charms
 61479 | Elf:3    | Reached skill level 1 in Air Magic
 61542 | Elf:3    | Reached skill level 10 in Dodging
 61544 | Elf:3    | Got a clouded brass ring
 61547 | Elf:3    | Identified the ring "Hoteyrch" {*Tele rPois Int+3 SInv} (You took it off a deep elf mage on level 3 of the Elven Halls)
 62355 | Elf:3    | Noticed a Brimstone Fiend
 63303 | Elf:3    | Identified the +4 ring mail of Purpose {+Blink rN+} (You found it on level 3 of the Elven Halls)
 63663 | Elf:3    | Noticed iamserjio's ghost (veteran DsBe)
 64165 | Vaults:1 | Entered Level 1 of the Vaults
 65529 | Vaults:1 | Found a runed gate.
 65530 | Vaults:1 | Found a runed gate.
 65530 | Vaults:1 | Found an opulent altar of Gozag.
 65531 | Vaults:1 | Found a runed gate.
 65531 | Vaults:1 | Found Laodd's Assorted Antiques.
 65549 | Vaults:1 | Found Zepsux's Assorted Antiques.
 66020 | Vaults:2 | Reached skill level 5 in Air Magic
 66038 | Vaults:1 | Reached skill level 5 in Charms
 66038 | Vaults:1 | Gained mutation: You resist negative energy. (rN+) [demonic ancestry]
 66038 | Vaults:1 | Reached XP level 19. HP: 159/159 MP: 25/35
 66885 | Vaults:2 | Gained mutation: You are dopey. (Int -2) [mutagenic glow]
 69341 | Vaults:3 | Lost mutation: You are resistant to hostile enchantments. (MR+) [potion of mutation]
 69341 | Vaults:3 | Lost mutation: You tend to lose your temper in combat. [potion of mutation]
 69341 | Vaults:3 | Lost mutation: Your natural rate of healing is unusually fast. [potion of mutation]
 69341 | Vaults:3 | Lost mutation: You are dopey. (Int -2) [potion of mutation]
 69341 | Vaults:3 | Gained mutation: Your muscles are strong. (Str +2) [potion of mutation]
 69341 | Vaults:3 | Gained mutation: You evolve. [potion of mutation]
 69341 | Vaults:3 | Gained mutation: Scrolls take you longer to read. [potion of mutation]
 69341 | Vaults:3 | Gained mutation: You have an increased reservoir of magic. (+10% MP) [potion of mutation]
 70076 | Vaults:3 | Found a gateway to a bazaar.
 70166 | Bazaar   | Entered a bazaar
 70174 | Bazaar   | Found Mojuda Fedeu's Antique Armour Emporium.
 70192 | Bazaar   | Found Okkaos's Distillery.
 70200 | Bazaar   | Found Riusat's Jewellery Boutique.
 70249 | Bazaar   | Found Qoygguoq's Weapon Shop.
 70266 | Bazaar   | Bought a pair of twisted gloves for 275 gold pieces
 70276 | Bazaar   | Identified the +2 pair of gloves of the Saviour {MR+ Int+3 Dex+2} (You bought it in a shop in a bazaar)
 70294 | Bazaar   | Bought a potion of curing for 36 gold pieces
 70294 | Bazaar   | Bought a potion of haste for 120 gold pieces
 70294 | Bazaar   | Bought 2 potions of might for 96 gold pieces
 70294 | Bazaar   | Bought a potion of mutation for 96 gold pieces
 70294 | Bazaar   | Bought 2 potions of haste for 240 gold pieces
 70294 | Bazaar   | Bought a potion of flight for 36 gold pieces
 70294 | Bazaar   | Bought a potion of cancellation for 96 gold pieces
 70673 | Vaults:3 | Found a staircase to the Crypt.
 72081 | Vaults:4 | Noticed Bai Suzhen
 72179 | Vaults:4 | Gained mutation: You are very clumsy. (Dex -4) [mutagenic glow]
 72617 | Vaults:4 | Gained mutation: A powerful demonic guardian rushes to your aid. [demonic ancestry]
 72617 | Vaults:4 | Reached XP level 20. HP: 170/170 MP: 29/39
 72832 | Vaults:4 | Found Haruo's Weapon Shoppe.
 72892 | Vaults:4 | Killed Bai Suzhen
 73922 | Vaults:4 | Noticed Boris
 73932 | Vaults:4 | Killed Boris
 74383 | Depths:1 | Entered Level 1 of the Depths
 75260 | Depths:1 | Reached skill level 1 in Long Blades
 76281 | Depths:1 | Found a bloodstained altar of Trog.
 76560 | Depths:1 | Found a gateway to Hell.
 76818 | Depths:2 | Noticed a juggernaut
 76821 | Depths:2 | Found a one-way gate to the infinite horrors of the Abyss.
 76937 | Depths:2 | Gained mutation: You possess an exceptional clarity of mind. [evolution]
 76937 | Depths:2 | Lost mutation: You evolve. [end of evolution]
 77055 | Depths:2 | Found an ancient bone altar of Kikubaaqudgha.
 77055 | Depths:2 | Found a sacrificial altar of Ru.
 77413 | Depths:2 | Killed a juggernaut
 77928 | Depths:2 | Found a bloodstained altar of Trog.
 78428 | Depths:2 | Noticed Sojobo
 78552 | Depths:2 | Killed Sojobo
 79296 | Depths:2 | Reached XP level 21. HP: 106/178 MP: 19/40
 79704 | Depths:2 | Learned a level 4 spell: Petrify
 79739 | Depths:2 | Noticed a golden dragon
 79756 | Depths:2 | Killed a golden dragon
 80789 | Depths:2 | Reached skill level 15 in Fighting
 81582 | Depths:2 | Found the +9 staff of Olgreb {rPois}
 81872 | Depths:2 | Identified the Papyrus of the Evil Frostbite
 82319 | Swamp:1  | Entered Level 1 of the Swamp
 82889 | Lair:5   | Killed Houdghis's ghost
 82889 | Lair:5   | Reached skill level 5 in Long Blades
 84476 | Swamp:1  | Noticed Josephine
 84493 | Swamp:1  | Killed Josephine
 84685 | Swamp:1  | Found a runed door.
 84687 | Swamp:1  | Noticed Xowapp's ghost (adept GrFi)
 84723 | Swamp:1  | Killed Xowapp's ghost
 84959 | Swamp:1  | Noticed Frances
 84963 | Swamp:1  | Killed Frances
 85731 | Swamp:2  | Found a runed door.
 85736 | Swamp:2  | Noticed SnubMonkey's ghost (adept SpEE)
 85785 | Swamp:2  | Killed SnubMonkey's ghost
 87071 | Swamp:4  | Entered Level 4 of the Swamp
 87073 | Swamp:4  | Reached skill level 10 in Air Magic
 87671 | Swamp:4  | Reached skill level 10 in Charms
 88948 | Swamp:4  | Got a decaying rune of Zot
 89262 | Slime:1  | Entered Level 1 of the Pits of Slime
 89267 | Slime:1  | Mutation became permanent: You are mostly covered in rugged brown scales. (AC +2, +5% HP) [demonic ancestry]
 89267 | Slime:1  | Gained mutation: You are completely covered in rugged brown scales. (AC +3, +7% HP) [demonic ancestry]
 89267 | Slime:1  | Reached XP level 22. HP: 177/188 MP: 39/41
 89679 | Slime:2  | Gained mutation: Potions cannot restore your health. [a shining eye]
 90175 | Slime:5  | Entered Level 5 of the Pits of Slime
 90271 | Slime:5  | Noticed the Royal Jelly
 90277 | Slime:5  | Killed the Royal Jelly
 90420 | Slime:5  | HP: 8/188 [azure jelly (29)]
 90430 | Slime:5  | HP: 8/188 [acid blob/splash of acid (3)]
 90430 | Slime:5  | HP: 3/188 [acid (5)]
 90670 | Slime:4  | HP: 1/188 [acid blob (21)]
 90670 | Slime:4  | Splashed by an acid blob's acid

Vault maps used:
D:1:      zaba_arrival_water
D:2:      chequers_ecumenical_altar_simple
D:3:      minmay_joined_circles
D:4:      marbit_many_paths, minmay_temple_entry_enclosed_plants, serial_shops,
          nicolae_shop_trees, nicolae_shop_temple_entry_statues_fountains,
          shop_coins, uniq_duvessa, uniq_sigmund, uniq_edmund, uniq_grinder
D:5:      grunt_qazlal_clouds, lemuel_zombie_altar_yredelemnul, first_ration,
          uniq_pikel
D:6:      grunt_temple_overflow_diamond, basic_altar, corexii_hall_statues_x,
          ashenzari_altar_1, uniq_crazy_yiuf_cottage
D:7:      nicolae_overflow_hidden_temple, nicolae_dithmenos_the_darkroom,
          grunt_livestock, minmay_misc_feat_roman
D:8:      fedhas_altar_fruit_tree, serial_bayou_crossing
D:9:      lemuel_crystal_altar, lemuel_crystal_altar
D:10:     bh_walls_and_bars
D:11:     lair_entry_dummy, minmay_strange_pillars, uniq_urug, uniq_nergalle
D:12:     david_orc_4, ebering_ghost_funeral_grove
D:13:     lightli_vaults_fourway_checkpoint, serial_shops, shop, shop_fountains,
          uniq_maurice, uniq_kirke
D:14:     enter_trove_6, minmay_hedge_maze, uniq_sonja
D:15:     grunt_enter_depths_hoard, serial_bayou_pond_a, serial_curves,
          eino_curves_03, eino_curves_01, serial_shops,
          nicolae_shop_behind_doors
Temple:   jpeg_temple_clearing
Lair:1:   worms_lemuel
Lair:2:   swamp_mist, grunt_megastairs_5
Lair:3:   portal_ice_cave_demonic_guard, nicolae_quartered_pool_medium,
          beast_lair_carwin_10
Lair:4:   minmay_snake_entry_six_corridors, lemuel_centaur_altar
Lair:5:   nzn_motion_control, slime_altar_1, gammafunk_ghost_split
Lair:6:   grunt_lair_end_beastmaster, special_room, uniq_nessos
Swamp:1:  ebering_ghost_inner_flame, evilmike_swamp_ruin_house_2, uniq_frances,
          uniq_josephine
Swamp:2:  ebering_ghost_funeral_grove, nicolae_swamp_round_clearing, swamp_pool1
Swamp:3:  evilmike_swamp_ruin_house_3, infiniplex_staircase_pool
Swamp:4:  swamp_icy
Snake:1:  serial_shops, nicolae_shop_behind_doors, basic_altar
Snake:2:  nicolae_snake_linked_coils
Snake:3:  serial_shops, shop, spider_trap, serial_bayou_pond_a,
          minmay_shop_grove
Snake:4:  minmay_snake_end_coiled, serial_bayou_shore_a, uniq_nikola
Slime:3:  nicolae_slime_jelly_donut
Orc:1:    basic_altar, serial_shops, nicolae_shop_trees,
          nicolae_shop_window_shopping, nicolae_shop_overgrown_old_shop, shop,
          nicolae_shop_behind_doors
Orc:2:    grunt_orc_community_town_hall, grunt_orc_community_big_house_2,
          grunt_orc_community_big_house_2, grunt_orc_community_house_1,
          grunt_orc_community_house_1, grunt_orc_community_house_1,
          grunt_orc_community_house_2, serial_shops, nicolae_shop_trees,
          special_room, basic_altar, elf_legates
Elf:1:    minmay_elf_crystal_pentagon, serial_shops, nicolae_shop_stone,
          minmay_elf_necromancy, uniq_donald, uniq_agnes
Elf:2:    spider_trap, uniq_asterion, uniq_saint_roka, uniq_jorgrun,
          uniq_roxanne
Elf:3:    elf_hall, special_room, gammafunk_ghost_fury_of_okawaru, serial_shops,
          shop_statue, st_stairs_13
Vaults:1: ebering_vaults_ghost_gozag, dpeg_vaults_monster_row,
          ontoclasm_vaults_twist, v_misc_24, nicolae_vaults_disjoint_gnomons,
          ontoclasm_vaults_ring_large, nicolae_vaults_little_squares_4,
          v_misc_30, vaults_mumra_lcd, vaults_room_stairs_pillars, v_misc_9,
          v_misc_22, hangedman_vaults_cutoff, vaults_mumra_hexcomb
Vaults:2: ontoclasm_vaults_gallery, hangedman_vaults_cutoff,
          nicolae_vaults_yaktaur_gun_rack, v_alt_pattern_4,
          nicolae_vaults_little_squares_1, ontoclasm_vaults_spin,
          nicolae_vaults_big_ls, vaults_room_door_ring, ontoclasm_vaults_gateway
Vaults:3: nicolae_vaults_little_squares_2, st_spiral_rooms,
          ontoclasm_vaults_claustrophobia, blue_anna_dwarven_crypt,
          vaults_room_corners, v_misc_23, v_misc_22,
          nicolae_vaults_specimen_jars, serial_shops, bzr_entry_islet
Vaults:4: v_misc_4, vaults_standard_mumra_enter_the_diamond,
          hangedman_vaults_maws, nicolae_vaults_what_the_h, v_misc_30,
          hangedman_vaults_restitches, ontoclasm_vaults_hangar,
          nicolae_vaults_little_squares_6, serial_shops, shop, uniq_bai_suzhen,
          uniq_boris
Depths:1: hellmouth_1, nrook_uturn, evilmike_spriggan_trog_shrine,
          serial_bayou_shore_b
Depths:2: hangedman_slaughterboxes, serial_shops, hell_entry, abyss_entry,
          uniq_sojobo
Depths:3: abrahamwl_protected_by_tso_1, abyss_entry, grunt_mini_vestibule,
          pan_entry, item_on_display_a
Bazaar:   bazaar_jpeg_ribbon
IceCv:    ice_cave_small_demon

Skill      XL: |  1  2  3  4  5  6  7  8  9 10 11 12 13 14 15 16 17 18 19 20 21 22 |
---------------+-------------------------------------------------------------------+-----
Short Blades   | 1 2 3 4 5 6 7 8 9 10 | 10.9
Stealth        | 3 4 5 6 7 8 10 11 12 13 | 13.9
Ice Magic      | 1 2 3 |  3.2
Hexes          | 4 5 6 7 9 12 15 | 15.0
Dodging        | 2 3 4 6 7 8 9 11 12 13 | 13.9
Spellcasting   | 3 4 5 7 8 10 11 12 | 12.0
Shields        | 1 3 5 |  5.3
Evocations     | 2 4 5 |  5.2
Fighting       | 4 7 8 10 11 13 14 15 | 15.8
Conjurations   | 2 |  2.4
Armour         | 1 8 |  8.3
Transmutations | 3 6 |  6.2
Earth Magic    | 3 6 |  6.3
Summonings     | 5 |  5.3
Charms         | 5 7 8 10 | 10.5
Air Magic      | 5 7 8 10 | 10.5
Long Blades    | 4 6 7 |  7.1

Action                   |  1- 3 |  4- 6 |  7- 9 | 10-12 | 13-15 | 16-18 | 19-21 | 22-24 || total
-------------------------+-------+-------+-------+-------+-------+-------+-------+-------++-------
Melee: Dagger            |    90 |   137 |   421 |  1017 |  1771 |  1839 |  2672 |   176 ||  8123
       Kick              |       |    22 |    82 |    93 |       |       |       |       ||   197
       Rapier            |       |       |       |   125 |       |     1 |       |       ||   126
       Demon blade       |       |       |       |       |       |       |     2 |    13 ||    15
 Fire: Hunting sling     |    39 |    13 |    10 |       |       |       |       |       ||    62
       Hand crossbow     |       |       |       |     3 |    12 |       |       |       ||    15
       Blowgun           |       |       |       |       |       |     9 |       |       ||     9
 Cast: Corona            |     8 |     1 |       |       |       |     1 |     1 |       ||    11
       Ensorcelled Hiber |     6 |    19 |    33 |    44 |   122 |    69 |    68 |       ||   361
       Confuse           |       |     6 |    29 |    33 |    65 |    17 |    58 |       ||   208
       Tukima's Dance    |       |     7 |    15 |     6 |    11 |     5 |     4 |       ||    48
       Magic Dart        |       |       |     6 |       |       |       |       |       ||     6
       Dazzling Spray    |       |       |       |     5 |    73 |    69 |    83 |       ||   230
       Invisibility      |       |       |       |       |    13 |    46 |    38 |     6 ||   103
       Passwall          |       |       |       |       |     7 |    23 |     7 |       ||    37
       Darkness          |       |       |       |       |    12 |    61 |    50 |    11 ||   134
       Summon Butterflie |       |       |       |       |     2 |       |     1 |     5 ||     8
       Summon Mana Viper |       |       |       |       |       |   142 |   106 |    17 ||   265
       Deflect Missiles  |       |       |       |       |       |       |     1 |       ||     1
Invok: Sacrifice Purity  |       |       |       |     1 |     2 |       |       |       ||     3
       Sacrifice an Eye  |       |       |       |     1 |       |       |       |       ||     1
       Draw Out Power    |       |       |       |     1 |     2 |     1 |     4 |     5 ||    13
       Sacrifice Drink   |       |       |       |     1 |       |       |       |       ||     1
       Sacrifice Resista |       |       |       |     1 |       |       |       |       ||     1
       Power Leap        |       |       |       |       |     6 |     3 |       |       ||     9
       Reject Sacrifices |       |       |       |       |     1 |       |       |       ||     1
       Apocalypse        |       |       |       |       |       |     1 |     3 |     4 ||     8
Evoke: Wand              |       |       |    23 |    21 |       |    20 |     5 |     3 ||    72
       Lamp of fire      |       |       |       |       |     2 |     5 |     2 |     1 ||    10
       Box of beasts     |       |       |       |       |       |     1 |     1 |     4 ||     6
       Phantom mirror    |       |       |       |       |       |       |     1 |     1 ||     2
  Use: Potion            |       |     8 |       |     4 |     4 |     1 |     4 |     5 ||    26
       Scroll            |       |     9 |    11 |    24 |     6 |    17 |     9 |     7 ||    83
 Stab: Sleeping          |     9 |    14 |    29 |    81 |   149 |   121 |   162 |     5 ||   570
       Confused          |       |     3 |    11 |    15 |    46 |     2 |    27 |       ||   104
       Distracted        |       |       |     5 |     4 |    18 |    17 |    31 |     1 ||    76
       Paralysed         |       |       |     1 |     1 |       |     8 |     8 |     3 ||    21
       Invisible         |       |       |       |     2 |    79 |   135 |   184 |    20 ||   420
       Petrified         |       |       |       |       |     2 |       |     4 |       ||     6
       Petrifying        |       |       |       |       |       |       |     1 |       ||     1
  Eat: Chunk             |     3 |     7 |    14 |    26 |    48 |    57 |    80 |       ||   235
       Ration            |       |     2 |     5 |     6 |     8 |    19 |    10 |     4 ||    54
Armor: Robe              |    13 |    33 |    70 |   145 |       |       |       |       ||   261
       Ring mail         |       |       |       |     6 |   391 |   271 |   370 |    46 ||  1084
Dodge: Dodged            |    72 |    91 |   174 |   416 |   547 |   469 |   840 |    63 ||  2672
       Deflected         |       |       |       |       |       |       |       |     3 ||     3
Block: Buckler           |       |       |    81 |   209 |   377 |   301 |   490 |    46 ||  1504
       Rpst.: Demon blade |       |       |       |       |       |       |       |     4 ||     4

Table legend:
 A = Spawn XP
 B = Non-spawn XP
 C = Spawn XP percentage of total XP
 D = Spawn monster count
 E = Non-spawn monster count
 F = Spawn count percentage of total count
 G = Total turns spent on level
                    A         B        C        D         E        F      G
               +---------+---------+-------+---------+---------+-------+---------
         Total |       0 |  756016 |   0.0 |       0 |    1842 |   0.0 | 90670
               +---------+---------+-------+---------+---------+-------+---------
           D:1 |       0 |      39 |   0.0 |       0 |      21 |   0.0 |   932
           D:2 |       0 |      87 |   0.0 |       0 |      28 |   0.0 |  1357
           D:3 |       0 |      69 |   0.0 |       0 |      18 |   0.0 |  1404
           D:4 |       0 |    1236 |   0.0 |       0 |      29 |   0.0 |  3418
           D:5 |       0 |    1221 |   0.0 |       0 |      22 |   0.0 |  2467
           D:6 |       0 |     703 |   0.0 |       0 |      27 |   0.0 |  1488
           D:7 |       0 |    1889 |   0.0 |       0 |      30 |   0.0 |  2158
           D:8 |       0 |    1312 |   0.0 |       0 |      26 |   0.0 |  1126
           D:9 |       0 |    2184 |   0.0 |       0 |      30 |   0.0 |  1781
          D:10 |       0 |    3037 |   0.0 |       0 |      27 |   0.0 |  1454
          D:11 |       0 |    5808 |   0.0 |       0 |      29 |   0.0 |  2092
          D:12 |       0 |   14133 |   0.0 |       0 |      76 |   0.0 |  2661
          D:13 |       0 |   15584 |   0.0 |       0 |      38 |   0.0 |  1891
          D:14 |       0 |   13257 |   0.0 |       0 |      51 |   0.0 |  2127
          D:15 |       0 |    9407 |   0.0 |       0 |      24 |   0.0 |  1368
        Lair:1 |       0 |    2931 |   0.0 |       0 |      21 |   0.0 |  1353
        Lair:2 |       0 |    4477 |   0.0 |       0 |      21 |   0.0 |  1139
        Lair:3 |       0 |    6990 |   0.0 |       0 |      38 |   0.0 |  2187
        Lair:4 |       0 |   10306 |   0.0 |       0 |      39 |   0.0 |  1817
        Lair:5 |       0 |   13009 |   0.0 |       0 |      34 |   0.0 |  2221
        Lair:6 |       0 |   30653 |   0.0 |       0 |      73 |   0.0 |  2068
       Swamp:1 |       0 |   16523 |   0.0 |       0 |      36 |   0.0 |  1006
       Swamp:2 |       0 |   13432 |   0.0 |       0 |      30 |   0.0 |  1218
       Swamp:3 |       0 |    9210 |   0.0 |       0 |      23 |   0.0 |   781
       Swamp:4 |       0 |   20788 |   0.0 |       0 |      66 |   0.0 |  2042
       Snake:1 |       0 |   10476 |   0.0 |       0 |      21 |   0.0 |  1509
       Snake:2 |       0 |   18516 |   0.0 |       0 |      31 |   0.0 |  2522
       Snake:3 |       0 |   23392 |   0.0 |       0 |      48 |   0.0 |  1858
       Snake:4 |       0 |   36437 |   0.0 |       0 |      62 |   0.0 |  3801
       Slime:1 |       0 |    6944 |   0.0 |       0 |       7 |   0.0 |   348
       Slime:2 |       0 |    2410 |   0.0 |       0 |       9 |   0.0 |   114
       Slime:3 |       0 |    5569 |   0.0 |       0 |       9 |   0.0 |   369
       Slime:4 |       0 |    9348 |   0.0 |       0 |      15 |   0.0 |   296
       Slime:5 |       0 |   26382 |   0.0 |       0 |      16 |   0.0 |   281
         Orc:1 |       0 |     821 |   0.0 |       0 |      11 |   0.0 |   807
         Orc:2 |       0 |   12867 |   0.0 |       0 |      90 |   0.0 |  3047
         Elf:1 |       0 |   26689 |   0.0 |       0 |      51 |   0.0 |  2747
         Elf:2 |       0 |   43656 |   0.0 |       0 |      73 |   0.0 |  4627
         Elf:3 |       0 |   51356 |   0.0 |       0 |      81 |   0.0 |  4720
      Vaults:1 |       0 |   35714 |   0.0 |       0 |      68 |   0.0 |  2022
      Vaults:2 |       0 |   47226 |   0.0 |       0 |      81 |   0.0 |  3001
      Vaults:3 |       0 |   39026 |   0.0 |       0 |      70 |   0.0 |  2709
      Vaults:4 |       0 |   34573 |   0.0 |       0 |      60 |   0.0 |  2232
      Depths:1 |       0 |   24850 |   0.0 |       0 |      53 |   0.0 |  2067
      Depths:2 |       0 |   98559 |   0.0 |       0 |     105 |   0.0 |  5394
         IceCv |       0 |    2920 |   0.0 |       0 |      24 |   0.0 |  2307
               +---------+---------+-------+---------+---------+-------+---------
